 Dungeon Crawl Stone Soup version 0.27-a0-394-g49c82dfaf2 (webtiles) character file.

Game seed: 17812707447887552729

261 dolemite99 the Cudgeller (level 5, 0/38 HPs)
             Began as a Demonspawn Gladiator on Feb 20, 2021.
             Was a Follower of Uskayaw.
             Killed from afar by an orc wizard (7 damage)
             ... with a puff of flame
             ... on level 3 of the Dungeon.
             The game lasted 00:04:30 (2976 turns).

dolemite99 the Cudgeller (Demonspawn Gladiator)     Turns: 2976, Time: 00:04:30

Health: 0/38       AC:  9    Str: 16    XL:     5   Next: 96%
Magic:  5/5        EV: 10    Int:  9    God:    Uskayaw [*.....]
Gold:   156        SH:  0    Dex: 14    Spells: 4/4 levels left

rFire    . . .     SeeInvis .   u - +2 whip (venom)
rCold    . . .     Faith    .   (no shield)
rNeg     . . .     Spirit   .   g - +0 scale mail
rPois    .         Reflect  .   c - +0 helmet
rElec    .         Harm     .   (no cloak)
rCorr    .         Rampage  .   (no gloves)
Will     .....                  (no boots)
Stlth    ..........             (no amulet)
HPRegen  0.12/turn              (no ring)
MPRegen  0.18/turn              (no ring)

@: hasted, very quick
A: hooves 1, slimy green scales 1, magic regeneration
a: Renounce Religion, Stomp


You were on level 3 of the Dungeon.
You worshipped Uskayaw.
Uskayaw was noncommittal.
You visited 1 branch of the dungeon, and saw 3 of its levels.
You also visited: Sewer.

You collected 156 gold pieces.

Inventory:

Hand Weapons
 a - a +0 quarterstaff
 t - a +0 hunting sling
 u - a +2 whip of venom (weapon)
Missiles
 d - 3 throwing nets (quivered)
 h - 71 stones
 p - 8 poisoned darts
 r - 27 bolts
 x - 20 sling bullets
Armour
 b - a +0 leather armour
 c - a +0 helmet (worn)
 g - a +0 scale mail (worn)
 q - a +0 pair of boots
 v - a +0 kite shield
 w - a +0 helmet
Magical Staves
 o - a staff of death {unknown}
Jewellery
 A - a +6 ring of intelligence {unknown}
Wands
 y - a wand of digging (4)
Scrolls
 e - a scroll of identify {@r1}
 j - a scroll of fog {unknown}
 l - 8 scrolls of teleportation
 z - a scroll of enchant armour {unknown}
 D - a scroll of noise {unknown}
Potions
 k - a potion of attraction {unknown}
 m - a potion of degeneration {unknown}
 n - a potion of brilliance {unknown}
 s - a potion of heal wounds {unknown}
 B - a potion of might {unknown}
 C - 2 potions of flight {unknown}


   Skills:
 - Level 2.0 Fighting
 + Level 4.3(5.1) Maces & Flails
 - Level 4.1(5.0) Staves
 - Level 1.7 Throwing
 - Level 2.6 Dodging


You had 4 spell levels left.
You didn't know any spells.
Your spell library was empty.

Dungeon Overview and Level Annotations

Branches:
Dungeon (3/15)              Sewer (visited)

Altars:
Ashenzari
Kikubaaqudgha
Uskayaw
Zin
The Shining One


Innate Abilities, Weirdness & Mutations

You have large cloven feet.
You are partially covered in slimy green scales. (AC +2)
You regenerate magic rapidly.


Message History

No target in view!
Found a war axe.
An orc wizard comes into view. It is wielding a +0 dagger.
The orc wizard shouts!
The orc wizard points at you and mumbles some strange words.
The magic dart hits you.
An orc wizard is nearby!
An orc comes into view. It is wielding a +0 hand axe.
The orc shouts!
An orc warrior comes into view. It is wielding a +0 long sword.
The orc warrior shouts!
The orc wizard points at you and mumbles some strange words.
You resist with some effort.
You feel yourself speed up.
An orc wizard comes into view. It is wielding a +0 dagger.
The orc wizard shouts!
You hit the orc warrior but do no damage.
The orc warrior is poisoned.
You kick the orc warrior, but do no damage.
You hit the orc warrior but do no damage.
You kick the orc warrior, but do no damage.
You barely miss the orc warrior. Your kick misses the orc warrior.
The orc warrior hits you with a +0 long sword!!
Ouch! That really hurt!
* * * LOW HITPOINT WARNING * * *
You barely miss the orc warrior.
You kick the orc warrior, but do no damage.
The orc warrior is lightly wounded.
You hit the orc warrior.
The orc warrior looks as sick as possible!
You kick the orc warrior, but do no damage.
The orc warrior is moderately wounded.
The orc warrior hits you with a +0 long sword.
* * * LOW HITPOINT WARNING * * *
You feel as though your hastened speed will last longer.
You kill the orc warrior!
Your base Maces & Flails skill increases to level 4!
The orc wizard points at you and mumbles some strange words.
The puff of flame hits you!
You die...

.....#.#.#..........#
.......#o#..........#
...###.#.#..........#####
.......#o#.#+#+##.......#
...###.#.#.#.#.##.......#
.[..<#+#.#...#.##.......#
...#......o..#..........#
...#.......o............#
####....<...)...@......?#
# #..................###
#
###+#######........#####
. #..............# .
##..............# .
#...............# .
#...............# .
#.........#######
#.........#


You could see 2 orc wizards.

Vanquished Creatures
  An orc warrior (D:3)
  7 adders
  2 oozes
  2 worms
  4 dart slugs
  2 leopard geckos
  A ball python (Sewer)
  5 giant cockroaches
  6 goblins
  10 hobgoblins
  4 jackals (Sewer)
  3 quokkas
  18 bats
  6 frilled lizards
  4 kobolds
  11 rats
86 creatures vanquished.

Notes
Turn   | Place    | Note
-------+----------+-------------------------------------------
     0 | D:1      | dolemite99 the Demonspawn Gladiator began the quest for the
                  | Orb.
     0 | D:1      | Reached XP level 1. HP: 16/16 MP: 1/1
   301 | D:1      | Gained mutation: You have large cloven feet. [demonic
                  | ancestry]
   301 | D:1      | Reached XP level 2. HP: 22/22 MP: 2/2
   904 | D:2      | Found a hide-covered altar of Uskayaw.
   908 | D:2      | Became a worshipper of Uskayaw the Reveller
   965 | D:2      | Reached * piety under Uskayaw
   974 | D:2      | Found a glowing golden altar of the Shining One.
  1036 | D:2      | Reached XP level 3. HP: 27/27 MP: 3/3
  1116 | D:2      | Found a broken altar of Ashenzari.
  1118 | D:2      | Found a glowing silver altar of Zin.
  1118 | D:2      | Found an ancient bone altar of Kikubaaqudgha.
  1780 | D:2      | Reached ** piety under Uskayaw
  1781 | D:2      | Reached skill level 1 in Maces & Flails
  2253 | D:3      | Gained mutation: You are partially covered in slimy green
                  | scales. (AC +2) [demonic ancestry]
  2253 | D:3      | Reached XP level 4. HP: 33/33 MP: 4/4
  2300 | D:3      | Found a glowing drain.
  2372 | D:3      | Reached *** piety under Uskayaw
  2386 | Sewer    | Entered a sewer
  2557 | Sewer    | Gained mutation: You regenerate magic rapidly. [demonic
                  | ancestry]
  2557 | Sewer    | Reached XP level 5. HP: 37/38 MP: 5/5
  2947 | D:3      | Noticed an orc warrior
  2975 | D:3      | Killed an orc warrior
  2976 | D:3      | Killed from afar by an orc wizard

Illustrated notes

Levels and vault maps discovered:
D:1:      ebering_hopf_link, layout_basic
D:2:      layout_basic, grunt_temple_overflow_open, lemuel_crystal_altar
D:3:      layout_basic, gup_sewer_entry_glass

Skill      XL: |  1  2  3  4  5 |
---------------+----------------+-----
Staves         | 3 4 |  4.1
Maces & Flails | 1 3 4 |  4.3
Fighting       | |  2.0
Throwing       | |  1.7
Dodging        | |  2.6

Action                   |  1- 3 |  4- 6 || total
-------------------------+-------+-------++-------
Melee: Quarterstaff      |    87 |       ||    87
       Kick              |    22 |    28 ||    50
       Whip              |    28 |   102 ||   130
  Use: Scroll            |       |     4 ||     4
       Potion            |       |     2 ||     2
 Stab: Paralysed         |       |     1 ||     1
Armor: Scale mail        |    29 |    61 ||    90
       Leather armour    |     1 |       ||     1
Dodge: Dodged            |    77 |    87 ||   164

Table legend: (Time is in decaauts)
 A = Elapsed time spent in this place.
 B = Non-inter-level travel time spent in this place.
 C = Inter-level travel time spent in this place.
 D = Time resting spent in this place.
 E = Time spent auto-exploring this place.
 F = Levels seen in this place.
 G = Mean time per level.
                   A        B        C        D        E       F      G
               +--------+--------+--------+--------+--------+-----+--------+
         Total |   3056 |   3001 |     55 |    393 |   1759 |   4 |  764.0 |
       Dungeon |   2679 |   2624 |     55 |    393 |   1561 |   3 |  893.0 |
         Sewer |    377 |    377 |      0 |      0 |    198 |   1 |  377.0 |
               +--------+--------+--------+--------+--------+-----+--------+

Top non-repeatable levels by time:
     D:2: 1368 daAuts
     D:1: 875 daAuts
     D:3: 434 daAuts
   Sewer: 377 daAuts
